 Dungeon Crawl Stone Soup version 0.25-a0-448-g1f46b9f714 (webtiles) character file.

Game seed: 14503858610658668241, levelgen mode: deterministic

5264 kae the Brawler (level 10, -1/74 HPs)
             Began as a Ghoul Gladiator on Jan 31, 2020.
             Was a Believer of Makhleb.
             Killed by divine providence
             ... invoked by an orc priest
              (13 damage)
             ... on level 9 of the Dungeon.
             The game lasted 00:10:58 (7446 turns).

kae the Brawler (Ghoul Gladiator)                   Turns: 7446, Time: 00:10:59

Health: -1/74      AC: 23    Str: 19    XL:     10   Next: 62%
Magic:  22/22      EV:  8    Int:  7    God:    Makhleb [**....]
Gold:   346        SH:  0    Dex: 13    Spells: 9/9 levels left

rFire    . . .     SeeInvis .     - Unarmed
rCold    + . .     Gourm    .   (no shield)
rNeg     + + +     Faith    .   g - +7 chain mail of the Immovable Nights {MR- Int+4 Stlth+}
rPois    ∞         Spirit   .   b - +1 helmet
rElec    .         Reflect  .   C - +2 cloak {rPois}
rCorr    .         Harm     .   (no gloves)
MR       .....                  y - +2 pair of boots {Fly}
Stlth    ..........             (no amulet)
HPRegen  0.00/turn              v - ring of protection from magic
MPRegen  0.18/turn              k - ring of magical power

@: flying, rotting
A: rotting body, claws 1, carnivore, cold resistance 1, negative energy
resistance 3, inhibited regeneration, torment resistance, unbreathing
a: Minor Destruction, Renounce Religion, Stop Flying


You were on level 9 of the Dungeon.
You worshipped Makhleb.
Makhleb was pleased with you.
You were not hungry.

You visited 2 branches of the dungeon, and saw 10 of its levels.
You also visited: Ossuary.

You collected 734 gold pieces.
You spent 388 gold pieces at shops.

Inventory:

Hand Weapons
 a - a +4 vorpal hunting sling
 t - a +0 glaive of flaming
Missiles
 c - 2 throwing nets (quivered)
Armour
 b - a +1 helmet (worn)
 g - the +7 chain mail of the Immovable Nights (worn) {MR- Int+4 Stlth+}
   (You bought it in a shop on level 7 of the Dungeon)

   It affects your intelligence (+4).
   It affects your resistance to hostile enchantments.
   It makes you more stealthy.
   If you remove this armour, your AC will fall 15 points (23 -> 8)
 i - a +0 leather armour
 y - a +2 pair of boots of flying (worn)
 C - a +2 cloak of poison resistance (worn)
 G - the +0 ring mail "Cecatuat" {rPois Regen+ Str+2 Slay-2}
   (You bought it in a shop on level 7 of the Dungeon)

   It affects your strength (+2).
   It affects your accuracy and damage with ranged weapons and melee attacks
   (-2).
   It protects you from poison.
   It increases your rate of regeneration.
   If you switch to wearing this armour, your AC will fall 10 points (23 -> 13)
Jewellery
 k - a ring of magical power (right claw)
 o - an uncursed ring of fire
 s - an uncursed amulet of harm
 v - a ring of protection from magic (left claw)
Wands
 p - a wand of random effects (13)
 q - a wand of acid (16)
 r - a wand of iceblast (4)
Scrolls
 e - 4 scrolls of amnesia
 h - a scroll of blinking
 l - 9 scrolls of teleportation
 m - 7 scrolls of remove curse
Potions
 f - 2 potions of might
 j - 2 potions of cancellation
 n - 3 potions of haste
 u - a potion of resistance
 w - 2 potions of magic
 x - 2 potions of flight {unknown}
 z - 3 potions of brilliance {unknown}
 A - 3 potions of lignification {unknown}
 D - 2 potions of agility
 E - 3 potions of heal wounds {unknown}
 F - 3 potions of berserk rage
Comestibles
 d - 11 rations


   Skills:
 + Level 2.3 Fighting
 - Level 1.7 Throwing
 + Level 0.2 Armour
 + Level 2.7 Dodging
 - Level 15.1 Unarmed Combat
 + Level 6.1 Invocations


You had 9 spell levels left.
You didn't know any spells.
Your spell library was empty.

Dungeon Overview and Level Annotations

Branches:
Dungeon (9/15)             Temple (1/1) D:7         Ossuary (visited)
   Lair: D:8-11         Orc: D:9-12

Altars:
Ashenzari
Cheibriados
Elyvilon
Fedhas
Gozag
Hepliaklqana
Kikubaaqudgha
Makhleb
Nemelex Xobeh
Okawaru
Qazlal
Ru
Sif Muna
Trog
Uskayaw
Vehumet
Wu Jian
Xom
Yredelemnul
Zin
The Shining One

Shops:
D:7 [%:[


Innate Abilities, Weirdness & Mutations

Your body is rotting away.
You thrive on raw meat.
You are immune to poison.
You have sharp fingernails.
You are carnivorous and can eat meat at any time.
Your flesh is cold resistant. (rC+)
You are immune to negative energy. (rN+++)
You do not regenerate when monsters are visible.
You are immune to unholy pain and torment.
You can survive without breathing.


Message History

You scratch the orc warrior.
The orc warrior is almost dead.
The orc warrior barely misses you.
Your chain mail of the Immovable Nights prevents you from hitting the orc warrior.
The orc warrior is almost dead.
You claw the orc warrior!
You kill the orc warrior!
Makhleb accepts your kill.
You feel better.
The orc priest mumbles some strange prayers to Beogh against you.
Beogh smites you!
* * * LOW HITPOINT WARNING * * *
You feel better. The orc hits you but does no damage. x2
The orc priest casts a cantrip, but nothing happens.
You claw the orc!
You kill the orc!
Makhleb accepts your kill.
The orc priest calls down the wrath of Beogh upon you.
Beogh smites you!
You die...

#.## #####8o #.....#
### ..... #####.# .o.
#.# #o# #.# #)# #.#
#)# #.# #######)##
#.#
#........##########.#
#.###....ooo@.......#
#.....oo##########
....##.#### #.### #.#
# ..# ####


You could see an orc priest and 4 orcs.

Vanquished Creatures
  Maggie (D:6)
  A hornet (D:8)
  Sigmund (D:2)
  A hungry ghost (D:8)
  Menkaure (D:5)
  6 orc warriors
  2 ice beasts
  3 ogres
  A phantom (D:9)
  5 centaurs
  2 crocodiles
  A bullfrog (D:8)
  A gnoll sergeant (D:5)
  A water moccasin zombie (D:6)
  2 scorpions
  8 wights
  A howler monkey (D:7)
  8 crimson imps
  A bullfrog zombie (D:9)
  6 orc priests
  A centaur skeleton (D:5)
  A gnoll shaman (D:5)
  4 hounds
  A jelly (D:5)
  3 bullfrog skeletons
  Crazy Yiuf (D:5)
  3 iguanas
  Natasha (thrice) (D:4)
  6 orc wizards
  2 worker ants (D:4)
  A hound skeleton (D:7)
  12 mummies (Ossuary)
  A howler monkey zombie (D:7)
  2 worker ant zombies
  46 gnolls (D:5)
  12 adders
  2 oozes
  An adder skeleton (D:4)
  An adder zombie (D:7)
  4 worms
  2 dart slugs (D:1)
  5 leopard geckos
  32 orcs
  5 giant cockroaches
  6 goblins
  6 hobgoblins
  16 jackals
  2 quokkas
  A ball python skeleton (D:4)
  7 bats
  3 frilled lizards
  A gnoll skeleton (Ossuary)
  4 goblin skeletons (Ossuary)
  7 kobolds
  2 leopard gecko skeletons (D:4)
  2 orc skeletons (Ossuary)
  A quokka skeleton (D:4)
  15 rats
  11 rat skeletons (Ossuary)
288 creatures vanquished.

Vanquished Creatures (others)
  An orc skeleton (Ossuary)
1 creature vanquished.

Grand Total: 289 creatures vanquished

Notes
Turn   | Place    | Note
-------+----------+-------------------------------------------
     0 | D:1      | kae the Ghoul Gladiator began the quest for the Orb.
     0 | D:1      | Reached XP level 1. HP: 17/17 MP: 0/0
   158 | D:1      | Reached XP level 2. HP: 18/24 MP: 1/1
   198 | D:1      | Reached skill level 4 in Unarmed Combat
   415 | D:1      | Reached XP level 3. HP: 24/27 MP: 2/2
   730 | D:2      | Found a glowing golden altar of the Shining One.
   739 | D:2      | Noticed Sigmund
   750 | D:2      | Killed Sigmund
   750 | D:2      | Reached skill level 6 in Unarmed Combat
   750 | D:2      | Reached XP level 4. HP: 8/36 MP: 3/3
   750 | D:2      | Reached XP level 5. HP: 9/41 MP: 4/4
   791 | D:2      | Reached skill level 7 in Unarmed Combat
   944 | D:2      | Found a shimmering altar of Xom.
   947 | D:2      | Reached XP level 6. HP: 47/48 MP: 5/5
  1392 | D:3      | Found a snail-covered altar of Cheibriados.
  2137 | D:4      | Noticed Natasha
  2145 | D:4      | Killed Natasha
  2145 | D:4      | Reached skill level 8 in Unarmed Combat
  2235 | D:4      | Found a sacrificial altar of Ru.
  2470 | D:4      | Reached XP level 7. HP: 55/55 MP: 6/6
  2610 | D:4      | Found an iron altar of Okawaru.
  2612 | D:4      | Noticed Natasha
  2619 | D:4      | Killed Natasha
  2652 | D:4      | Noticed Natasha
  2659 | D:4      | Killed Natasha
  2762 | D:5      | Entered Level 5 of the Dungeon
  2843 | D:5      | Reached skill level 9 in Unarmed Combat
  3079 | D:5      | Reached skill level 10 in Unarmed Combat
  3107 | D:5      | Reached XP level 8. HP: 61/61 MP: 7/7
  3233 | D:5      | Found a runed translucent door.
  3234 | D:5      | Noticed Crazy Yiuf
  3254 | D:5      | Found a stormy altar of Qazlal.
  3258 | D:5      | Noticed Menkaure
  3265 | D:5      | Killed Menkaure
  3344 | D:5      | Reached skill level 11 in Unarmed Combat
  3605 | D:5      | Reached skill level 12 in Unarmed Combat
  3937 | D:5      | Reached XP level 9. HP: 51/67 MP: 8/8
  4072 | D:5      | Killed Crazy Yiuf
  4113 | D:6      | Noticed Maggie
  4136 | D:6      | Killed Maggie
  4183 | D:6      | Reached skill level 13 in Unarmed Combat
  4343 | D:6      | Found a glowing silver altar of Zin.
  4745 | D:7      | Found Ceodweno's Food Shop.
  4751 | D:7      | HP: 3/67 [ogre/+0 giant club (21)]
  5092 | D:7      | Found a staircase to the Ecumenical Temple.
  5138 | Temple   | Entered the Ecumenical Temple
  5224 | Temple   | Became a worshipper of Makhleb the Destroyer
  5246 | D:7      | Reached skill level 14 in Unarmed Combat
  5282 | D:7      | Found Kyeff's Antique Armour Shoppe.
  5293 | D:7      | Bought a dazzling chain mail for 199 gold pieces
  5293 | D:7      | Bought a jewelled ring mail for 189 gold pieces
  5304 | D:7      | Identified the cursed +0 ring mail "Cecatuat" {rPois Regen+
                  | Str+2 Slay-2} (You bought it in a shop on level 7 of the
                  | Dungeon)
  5315 | D:7      | Identified the +7 chain mail of the Immovable Nights {MR-
                  | Int+4 Stlth+} (You bought it in a shop on level 7 of the
                  | Dungeon)
  5360 | D:7      | HP: 1/67 [orc warrior/+0 halberd (17)]
  5675 | D:7      | Reached skill level 1 in Invocations
  5758 | D:7      | Found Rogoamyim's Book Shop.
  5793 | D:7      | Found Hokol's Antique Armour Emporium.
  5892 | D:7      | Reached XP level 10. HP: 38/73 MP: 11/11
  6136 | D:8      | Found a sand-covered staircase.
  6140 | D:8      | Found a burning altar of Makhleb.
  6184 | D:8      | Found a stormy altar of Qazlal.
  6196 | Ossuary  | Entered an ossuary
  6308 | Ossuary  | Reached * piety under Makhleb
  6494 | D:8      | Noticed a white very ugly thing
  6834 | D:8      | Found a hazy altar of Hepliaklqana.
  6872 | D:8      | Reached skill level 5 in Invocations
  6921 | D:8      | Reached ** piety under Makhleb
  7230 | D:9      | Reached skill level 15 in Unarmed Combat
  7446 | D:9      | Killed from afar by an orc priest

Levels and vault maps discovered:
D:1:      sevenhm_arrival_forest_fort_large_4, layout_rooms
D:2:      layout_loops_ring, xom_butterflies, tso_metal_star, uniq_sigmund
D:3:      layout_loops_cross, lemuel_round_altar
D:4:      layout_loops_ring, okawaru_gym_becter, lemuel_doored_altar,
          glass_columns_c, hangedman_minor_gate_pass, uniq_natasha
D:5:      lemuel_castle_with_subvaults [lemuel_castle_interior_original],
          layout_loops_cross, nicolae_overflow_hidden_temple, first_ration,
          uniq_menkaure, uniq_crazy_yiuf_cottage
D:6:      layout_basic, overflow_temple_1_default, uniq_maggie
D:7:      layout_loops_ring, minmay_temple_entry_glass, serial_shops,
          nicolae_shop_temple_entry_statues_fountains, shop_coins,
          kennysheep_mini_moat, shop
D:8:      layout_basic, lemuel_coloured_pillars_altar, enter_ossuary_3,
          jmf_multi_god_temple
D:9:      layout_loops_corners, nicolae_overflow_crystal_walls, david_orc_5,
          tgw_sif
Temple:   dshaligram_water_room_temple

Skill      XL: |  1  2  3  4  5  6  7  8  9 10 |
---------------+-------------------------------+-----
Unarmed Combat | 4 6 7 8 10 12 14 15 | 15.1
Invocations    | 2 6 |  6.1
Fighting       | |  2.3
Throwing       | |  1.7
Armour         | |  0.2
Dodging        | |  2.7

Action                   |  1- 3 |  4- 6 |  7- 9 | 10-12 || total
-------------------------+-------+-------+-------+-------++-------
Melee: Unarmed           |    76 |   151 |   418 |   235 ||   880
       Punch             |     1 |     2 |    21 |    12 ||    36
Throw: Throwing net      |       |       |     1 |       ||     1
Evoke: Wand              |       |       |     1 |       ||     1
  Use: Scroll            |     6 |     6 |     9 |     5 ||    26
       Potion            |     1 |       |     3 |     1 ||     5
 Stab: Distracted        |       |     1 |       |       ||     1
       Sleeping          |       |     1 |       |       ||     1
       Held in net/web   |       |       |     1 |       ||     1
  Eat: Chunk             |     4 |     8 |    49 |    12 ||    73
Armor: Leather armour    |    19 |    23 |    92 |       ||   134
       Chain mail        |       |       |    23 |   100 ||   123
Dodge: Dodged            |    48 |    73 |   249 |    58 ||   428

Table legend:
 A = Non-vault XP
 B = Vault XP
 C = Vault XP percentage of total XP
 D = Non-vault monster count
 E = Vault monster count
 F = Vault count percentage of total count
                 A         B        C        D         E       F
            +---------+---------+-------+---------+---------+-------
      Total |    4896 |    2624 |  34.9 |     178 |     110 |  38.2
            +---------+---------+-------+---------+---------+-------
        D:1 |      42 |       0 |   0.0 |      21 |       0 |   0.0
        D:2 |      73 |     238 |  76.5 |      24 |       1 |   4.0
        D:3 |      59 |       0 |   0.0 |      17 |       0 |   0.0
        D:4 |     219 |      85 |  28.0 |      16 |       6 |  27.3
        D:5 |     809 |    1014 |  55.6 |      20 |      64 |  76.2
        D:6 |     714 |     376 |  34.5 |      17 |       1 |   5.6
        D:7 |    1151 |       0 |   0.0 |      23 |       0 |   0.0
        D:8 |    1353 |     534 |  28.3 |      32 |       3 |   8.6
        D:9 |     476 |     145 |  23.3 |       8 |       5 |  38.5
    Ossuary |       0 |     232 | 100.0 |       0 |      30 | 100.0
            +---------+---------+-------+---------+---------+-------
